 Dungeon Crawl Stone Soup version 0.30-a0-824-g6c64550be9 (webtiles) character file.

Game seed: 8497151502447512010

1902 Nacht the Sneak (level 9, -12/68 HPs)
             Began as a Naga Fire Elementalist on Feb 27, 2023.
             Was a Follower of Vehumet.
             Mangled by an orc warrior
             ... wielding a +0 battleaxe
              (18 damage)
             ... on level 9 of the Dungeon.
             The game lasted 00:10:00 (6710 turns).

Nacht the Sneak (Naga Fire Elementalist)            Turns: 6710, Time: 00:10:01

Health: -12/68     AC:  4    Str: 10    XL:     9   Next: 15%
Magic:  10/17      EV:  9    Int: 20    God:    Vehumet [*.....]
Gold:   205        SH:  0    Dex: 12    Spells: 6/19 levels left

rFire   + . .      SeeInvis +    s - staff of fire
rCold   . . .      Faith    .    (no shield)
rNeg    . . .      Spirit   .    t - +0 leather armour {Will+}
rPois   +          Reflect  .    (no helmet)
rElec   .          Harm     .    (no cloak)
rCorr   .          Rampage  .    (no gloves)
Will    ++...                    (no barding)
Stlth   +++                      D - amulet of magic regeneration
HPRegen 0.31/turn                y - ring of wizardry
MPRegen 0.55/turn                (no ring)

@: about to teleport, very slow
A: AC +3, large, see invisible, deformed body, poison resistance, slowness 2,
spit poison 1, naga tail 1
a: Spit Poison, Renounce Religion


You were on level 9 of the Dungeon.
You worshipped Vehumet.
Vehumet was aware of your devotion.
You visited 1 branch of the dungeon, and saw 7 of its levels.

You collected 205 gold pieces.

Inventory:

Hand Weapons
 p - a +0 dagger
Missiles
 z - 17 poisoned darts (quivered)
Armour
 t - a +0 leather armour of willpower (worn)
Magical Staves
 s - a staff of fire (weapon)
Jewellery
 d - an amulet of reflection
 k - an amulet of regeneration
 y - a ring of wizardry (left hand)
 B - a ring of ice
 D - an amulet of magic regeneration (around neck)
 E - an amulet of the acrobat
Wands
 w - a wand of mindburst (12)
Scrolls
 a - 2 scrolls of teleportation
 e - a scroll of summoning {unknown}
 f - a scroll of poison {unknown}
 h - a scroll of identify {unknown}
 i - 3 scrolls of enchant weapon {unknown}
 l - a scroll of blinking {unknown}
 n - 2 scrolls of fear {unknown}
 o - 2 scrolls of amnesia {unknown}
 r - a scroll of immolation {unknown}
 A - 2 scrolls of magic mapping {unknown}
Potions
 b - 3 potions of degeneration {unknown}
 c - 2 potions of curing {unknown}
 g - 2 potions of attraction {unknown}
 j - 3 potions of mutation {unknown}
 q - 2 potions of heal wounds {unknown}
 u - a potion of resistance {unknown}
 v - a potion of brilliance {unknown}
 x - a potion of ambrosia {unknown}
 C - a potion of berserk rage {unknown}


   Skills:
 - Level 1.5 Dodging
 + Level 6.9 Stealth
 * Level 5.6 Spellcasting
 * Level 5.8 Conjurations
 * Level 6.7 Fire Magic
 * Level 3.5 Earth Magic


You had 6 spell levels left.
You knew the following spells:

 Your Spells              Type           Power      Damage    Failure   Level
a - Foxfire               Conj/Fire      100%       2x1d9     1%          1
b - Scorch                Fire           96%        2d10      1%          2
c - Inner Flame           Hex/Fire       28%        N/A       4%          3
d - Flame Wave            Conj/Fire      46%        2d12      4%          4
e - Stone Arrow           Conj/Erth      48%        3d10      2%          3

Your spell library contained the following spells:

 Spells                   Type           Power      Damage    Failure   Level
 Kiss of Death            Conj/Necr      68%        2d10      1%          1
 Sandblast                Erth           38%        2d10      1%          1
 Passwall                 Tmut/Erth      10%        N/A       4%          2
 Sting                    Tmut/Pois      20%        1d4       6%          1
 Kindle Blastsparks       Fire/Tloc/Air  42%        2d13      8%          3
 Cigotuvi's Dreadful Rot  Necr/Pois/Air  10%        N/A       9%          2
 Poisonous Vapours        Pois/Air       10%        N/A       9%          2
 Mephitic Cloud           Conj/Pois/Air  13%        N/A       9%          3
 Gell's Gravitas          Tloc           5%         N/A       17%         3
 Teleport Other           Tloc           5%         N/A       17%         3
 Olgreb's Toxic Radiance  Pois           5%         N/A       50%         4
 Freezing Cloud           Conj/Ice/Air   6%         6-21      56%         5
 Dispersal                Tloc           2%         N/A       100%        6
 Simulacrum               Ice/Necr       2%         N/A       100%        6
 Polar Vortex             Ice            2%         N/A       100%        9


Dungeon Overview and Level Annotations

Branches:
Dungeon (6/15)             Temple (0/1) D:4

Altars:
Elyvilon
Nemelex Xobeh
Qazlal
Vehumet
Wu Jian
Zin


Innate Abilities, Weirdness & Mutations

Your serpentine skin is tough. (AC +3)
You have supernaturally acute eyesight. (SInv)
Armour fits poorly on your strangely shaped body.
Your system is resistant to poisons. (rPois)
You cover ground very slowly.
You can spit poison.
You have a snake-like lower body.


Message History

The centaur shoots an arrow.
The arrow completely misses you.
An orc wizard comes into view. It is wielding a +2 dagger of venom.
Casting: Inner Flame (dangerous; 4% risk of failure)
Confirm with . or Enter, or press ? or * to list all spells.
Aiming: Inner Flame (dangerous; 4% risk of failure)
Press: ? - help, Dir - move target, f - orc warrior, p - centaur
Aim: an orc warrior, wielding a +0 battleaxe and wearing a +0 chain mail (chance to affect: 83%)
You feel a surge of power!
The orc warrior barely resists.
The centaur shoots an arrow.
The arrow hits you!
Casting: Inner Flame (dangerous; 4% risk of failure)
Confirm with . or Enter, or press ? or * to list all spells.
You feel a surge of power!
You conjure some foxfire!
Your foxfire dissipates!
The foxfire hits the centaur.
Flame seeps out of the centaur.
The centaur is moderately wounded.
The centaur is engulfed in blazing flames.
Flame seeps out of the centaur.
The centaur shoots an arrow.
The arrow hits you!
The centaur is engulfed in blazing flames.
Vehumet accepts your kill.
The centaur explodes!
Throw: throwing net
Press: ? - help, Q - select action, (/) - cycle Shift-Dir - straight line, f/p - orc warrior
Aim: an orc warrior, wielding a +0 battleaxe and wearing a +0 chain mail (52% to hit)
You throw a throwing net.
The throwing net barely misses the orc warrior.
The orc throws a boomerang.
The boomerang hits you.
* * * LOW HITPOINT WARNING * * *
An orc comes into view. It is wielding a +0 dagger.
The orc warrior hits you with a +0 battleaxe!
* * * LOW HITPOINT WARNING * * *
Okay, then.
Okay, then.
As you read the scroll labelled SUOHAAXZEQ, it crumbles to dust.
You feel strangely unstable.
It was a scroll of teleportation.
The orc warrior hits you with a +0 battleaxe.
* * * LOW HITPOINT WARNING * * *
Okay, then.
The orc warrior hits you with a +0 battleaxe!!
You die...

..#.#########.......#.#
..#.........+.##....#.#
..#.........#.##......#
..#.........#.##......#
..#.........#.##......#
..).........#.##......#
..#..##.....#.........#
#'#####.....#####.....#
................@.....#
................#o....#
................#.(...#
................#§○...#
................#☼§)§.#
................#§§##.#
..<.............#oo##.#
...##.....##...#o....#
.. #.....##...##....#


You could see an orc warrior, an orc wizard and 2 orcs.

Vanquished Creatures
  A troll (D:6)
  2 ice beasts
  2 black bears
  2 ogres
  2 centaurs (D:9)
  A kobold brigand (D:5)
  Blork the orc (D:5)
  A bullfrog (D:6)
  A necrophage (D:4)
  A scorpion (D:4)
  A howler monkey (D:6)
  3 jellies
  6 hounds
  5 iguanas
  2 orc wizards
  5 adders
  2 white imps (D:6)
  11 worms
  4 dart slugs
  13 orcs
  6 ball pythons
  8 endoplasms
  3 giant cockroaches
  5 goblins
  11 hobgoblins
  3 jackals (D:1)
  3 bats
  10 frilled lizards
  4 kobolds
  5 rats
124 creatures vanquished.

Vanquished Creatures (collateral kills)
  A foxfire (D:3)
1 creature vanquished.

Vanquished Creatures (others)
  306 foxfires
306 creatures vanquished.

Grand Total: 431 creatures vanquished

Notes
Turn   | Place    | Note
-------+----------+-------------------------------------------
     0 | D:1      | Nacht the Naga Fire Elementalist began the quest for the
                  | Orb.
     0 | D:1      | Reached XP level 1. HP: 15/15 MP: 3/3
   238 | D:1      | Reached XP level 2. HP: 12/22 MP: 3/5
   874 | D:1      | Learned a level 2 spell: Scorch
   911 | D:2      | Reached XP level 3. HP: 28/28 MP: 2/6
  1363 | D:2      | Found a faded altar of an unknown god.
  1787 | D:3      | Learned a level 3 spell: Inner Flame
  1789 | D:3      | Reached XP level 4. HP: 36/36 MP: 4/7
  1867 | D:3      | Found a white marble altar of Elyvilon.
  1934 | D:3      | Noticed an ogre
  1941 | D:3      | Killed an ogre
  1942 | D:3      | Reached XP level 5. HP: 42/42 MP: 0/9
  2306 | D:3      | Found an ornate altar of the Wu Jian Council.
  2819 | D:3      | Found a radiant altar of Vehumet.
  2972 | D:3      | Became a worshipper of Vehumet
  3438 | D:4      | Reached XP level 6. HP: 49/49 MP: 5/11
  3806 | D:4      | Noticed a black bear
  3814 | D:4      | Killed a black bear
  3920 | D:4      | Found a sparkling altar of Nemelex Xobeh.
  3929 | D:4      | Reached XP level 7. HP: 52/55 MP: 8/12
  3988 | D:4      | Reached skill level 5 in Fire Magic
  4110 | D:4      | Reached skill level 5 in Stealth
  4224 | D:4      | Found a glowing silver altar of Zin.
  4284 | D:4      | Found a staircase to the Ecumenical Temple.
  4478 | D:5      | Entered Level 5 of the Dungeon
  4693 | D:5      | Learned a level 3 spell: Stone Arrow
  4702 | D:5      | Reached * piety under Vehumet
  4702 | D:5      | Offered knowledge of Kiss of Death by Vehumet.
  4927 | D:5      | Reached XP level 8. HP: 62/62 MP: 7/14
  5068 | D:5      | Reached skill level 1 in Earth Magic
  5343 | D:5      | Found a stormy altar of Qazlal.
  5411 | D:5      | Noticed Blork the orc
  5420 | D:5      | Killed Blork the orc
  5982 | D:6      | Noticed a troll
  5989 | D:6      | Killed a troll
  5990 | D:6      | Reached skill level 5 in Spellcasting
  5990 | D:6      | Reached skill level 5 in Conjurations
  6283 | D:6      | Reached XP level 9. HP: 68/68 MP: 12/17
  6368 | D:6      | Learned a level 4 spell: Flame Wave
  6488 | D:6      | Found a glowing drain.
  6545 | D:6      | You fall into a shaft and drop 3 floors!
  6710 | D:9      | Mangled by an orc warrior

Illustrated notes

Levels and vault maps discovered:
D:1:      lemuel_arrival_broad_hall, layout_rooms, grunt_decor_resistance,
          nicolae_figureground_pulse
D:2:      layout_rooms, shapermc_ecumenical_altar_ellora,
          kennysheep_another_room, nicolae_concentric_dashed_squares_mild
D:3:      layout_basic, mainiacjoe_overflow_alcove_4, lemuel_crystal_altar,
          nicolae_elyvilon_peaceful_grove, nicolae_wormholes
D:4:      layout_gridville, zin_statuary, nemelex_dance_club_becter,
          lemuel_temple_firewalk_b, eino_curves_02
D:5:      layout_basic, general_overflow_altar, uniq_blork_the_orc
D:6:      layout_cave_pools, cheibrodos_sewer_entry_bend
D:9:      layout_stronghold, dpeg_lair_monsters, uniq_erolcha

Skill      XL: |  1  2  3  4  5  6  7  8 |
---------------+-------------------------+-----
Conjurations   | 2 3 4 5 |  5.8
Stealth        | 4 5 6 |  6.9
Spellcasting   | 3 4 5 |  5.6
Fire Magic     | 4 5 6 |  6.7
Earth Magic    | 3 |  3.5
Dodging        | |  1.5

Action                     |  1- 3 |  4- 6 |  7- 9 || total
---------------------------+-------+-------+-------++-------
  Melee: Unarmed           |    32 |     5 |       ||    37
         Staff             |       |     3 |     9 ||    12
  Throw: Throwing net      |       |       |     1 ||     1
   Cast: Foxfire           |    51 |    51 |    67 ||   169
         Scorch            |     6 |    22 |    39 ||    67
         Inner Flame       |       |       |     5 ||     5
Ability: Spit Poison       |     3 |     1 |       ||     4
    Use: Potion            |     1 |       |       ||     1
         Scroll            |       |       |     1 ||     1
 Armour: Robe              |     8 |     2 |       ||    10
         Leather armour    |       |       |     6 ||     6
  Dodge: Dodged            |    27 |     9 |    15 ||    51

Table legend: (Time is in decaauts)
 A = Elapsed time spent in this place.
 B = Non-inter-level travel time spent in this place.
 C = Inter-level travel time spent in this place.
 D = Time resting spent in this place.
 E = Time spent auto-exploring this place.
 F = Levels seen in this place.
 G = Mean time per level.
                   A        B        C        D        E       F      G
               +--------+--------+--------+--------+--------+-----+--------+
         Total |   8266 |   7736 |    530 |      0 |   6690 |   7 | 1180.9 |
       Dungeon |   8266 |   7736 |    530 |      0 |   6690 |   7 | 1180.9 |
               +--------+--------+--------+--------+--------+-----+--------+

Top non-repeatable levels by time:
     D:3: 2075 daAuts
     D:5: 1692 daAuts
     D:4: 1282 daAuts
     D:1: 1107 daAuts
     D:2: 1026 daAuts
     D:6: 866 daAuts
     D:9: 214 daAuts
